[Event "Early-Titled-Tuesday-Blitz-April-16-2024"]
[Site "Chess.com"]
[Date "2024.04.16"]
[Round "6"]
[White "FlemingA"]
[Black "Ati1517"]
[Result "1-0"]
[WhiteElo "2425"]
[BlackElo "2236"]
[TimeControl "180+1"]
[EndTime "9:09:08 PDT"]
[Termination "FlemingA won by resignation"]

1. e4 c5 2. Nf3 d6 3. b4 cxb4 4. a3 bxa3 5. d4 Nf6 6. Bd3 Nc6 7. h3 e5 8. d5 Nb4 9. Bxa3 Qa5 10. O-O Nxd3 11. Qxd3 Qc7 12. c4 Be7 13. Nc3 b6 14. Nb5 Qd7 15. Nd2 O-O 16. f4 a6 17. Nc3 exf4 18. Rxf4 Nh5 19. Rf2 Bh4 20. Rf3 Qe7 21. Raf1 Bd7 22. Nb3 Rae8 23. Nd4 Bf6 24. g4 Bxd4+ 25. Qxd4 Nf6 26. Rxf6 gxf6 27. Rxf6 Qe5 28.
Qxe5 dxe5 29. Bxf8 Kxf8 30. Rxb6 Rc8 31. Rxa6 Rxc4 32. Ra3 Ke7 33. Kf2 Kd6 34. Ke3 Kc5 35. Ne2 Kb4 36. Rd3 Ba4 37. Ng3 Bc2 38. Rd2 Ba4 39. Rf2 Rc3+ 40. Kd2 Rxg3 41. Rxf7 Rxh3 42.
Re7 Rh2+ 43. Ke3 Rh3+ 44. Kf2 Rd3 45. Rxe5 Rd4 46. Ke3 Kc5 47. Re7 Rc4 48. Rc7+ Kb4 49. Rxh7 Rc3+ 50. Kf4 Rc4 51. Rb7+ Ka5 52. g5 Bc2 53.
Re7 Kb6 54. g6 Rc3 55. g7 Rc8 56. Rf7 Rg8 57. Ke5 Kc5 58. Rc7+ Kb6 59. Rxc2 1-0

[Event "Early-Titled-Tuesday-Blitz-April-16-2024"]
[Site "Chess.com"]
[Date "2024.04.16"]
[Round "6"]
[White "becemix"]
[Black "manitodeplomo"]
[Result "1/2-1/2"]
[WhiteElo "2495"]
[BlackElo "2633"]
[TimeControl "180+1"]
[EndTime "9:09:09 PDT"]
[Termination "Game drawn - insufficient material"]

1. e4 Nf6 2. e5 Nd5 3. c4 Nb6 4. d4 d6 5. exd6 cxd6 6. Nc3 e5 7. dxe5 dxe5 8. Qxd8+ Kxd8 9. Be3 Be6 10. O-O-O+ N8d7 11. Nf3 f6 12. b3 Ba3+ 13. Kb1 Ke7 14. Bd3 Bc5 15. Be4 Bxe3 16. fxe3 Nc5 17. Bd5 Rad8 18. e4 a5 19. Kb2 Bc8 20. a3 Ne6 21. Rd2 h5 22. Rhd1 g5 23. Bxe6 Bxe6 24. c5 Rxd2+ 25. Rxd2 Nd7 26. b4 axb4 27. axb4 h4 28. h3 Rc8 29. Nd5+ Kf7 30. Ne1 Nf8 31. Nb6 Rc7 32. Nc2 Ng6 33. Ne3 Nf4 34. Ned5 Rc6 35. Rc2 f5 36. b5 Rxb6 37. Nxb6 fxe4 38. c6 bxc6 39.
bxc6 e3 40. c7 e2 41. Rc1 e1=Q 42. Rxe1 Nd3+ 43. Kc3 Nxe1 44. c8=Q Bxc8 45. Nxc8 Nxg2 46. Kd3 Nf4+ 47. Ke4 Nxh3 48. Kxe5 g4 49. Nd6+ Kg6 50. Nf5 Kg5 51. Nd4 Nf2 52. Ne2 h3 53. Kd4 Kh4 54. Ke3 g3 55. Kf3 h2 56. Nxg3 Kh3 57. Kxf2 h1=Q 58.
Nxh1 1/2-1/2

[Event "Early-Titled-Tuesday-Blitz-April-16-2024"]
[Site "Chess.com"]
[Date "2024.04.16"]
[Round "6"]
[White "NowInChess"]
[Black "MaxLeto"]
[Result "1-0"]
[WhiteElo "2238"]
[BlackElo "2387"]
[TimeControl "180+1"]
[EndTime "9:09:10 PDT"]
[Termination "NowInChess won by checkmate"]

1. e4 c5 2. d3 Nc6 3. g3 g6 4.
Bg2 Bg7 5. f4 d6 6. Nf3 e6 7.
O-O Nge7 8. c3 O-O 9. Be3 b6 10.
d4 cxd4 11. cxd4 d5 12. e5 a5 13. Nc3 Ba6 14. Re1 b5 15. Bf1 Qb6 16. Rc1 Rfc8 17. Qd2 Rc7 18. g4 Rac8 19. Nh4 Bh6 20. Nf3 Qb7 21. Bd3 b4 22. Na4 Bxd3 23. Qxd3 Na7 24. Rxc7 Qb5 25. Rxc8+ Nexc8 26. Qxb5 Nxb5 27. Rc1 Nca7 28. Nc5 Bf8 29. Kf2 Be7 30. Kg3 Kg7 31. Nh4 Nc6 32.
Nf3 Nb8 33. Nh4 h6 34. f5 exf5 35. gxf5 Bd8 36. fxg6 Bxh4+ 37. Kxh4 fxg6 38. e6 Kf6 39. Rf1+ Ke7 40. Rf7+ Kd6 41. Rb7 Nc6 42. Rxb5 h5 43.
Rb6 g5+ 44. Bxg5 a4 45. Rxc6+ Kxc6 46. e7 Kb5 47. e8=Q+ Kc4 48. b3+ Kc3 49. Qe3+ Kb2 50. Qc1+ Kxa2 51. bxa4 b3 52. Nxb3 Kxb3 53. a5 Kb4 54. a6 Kb5 55. a7 Kb6 56. Qc5+ Kb7 57. Qa5 Ka8 58. Qd8+ Kxa7 59. Qxd5 Kb8 60. Qc5 Ka8 61.
d5 Kb7 62. d6 Ka8 63. d7 Kb7 64. d8=Q Ka6 65. Qdb6# 1-0

[Event "Early-Titled-Tuesday-Blitz-April-16-2024"]
[Site "Chess.com"]
[Date "2024.04.16"]
[Round "6"]
[White "Levanzovsky"]
[Black "viktorskliarov"]
[Result "1-0"]
[WhiteElo "2509"]
[BlackElo "2616"]
[TimeControl "180+1"]
[EndTime "9:09:11 PDT"]
[Termination "Levanzovsky won by resignation"]

1. c4 e5 2. e3 Nf6 3. a3 c6 4.
Nf3 e4 5. Nd4 d5 6. cxd5 cxd5 7.
d3 Nc6 8. Nxc6 bxc6 9. Qc2 Bd7 10. Nd2 exd3 11. Bxd3 Bd6 12. O-O O-O 13. b3 Qe7 14.
Bb2 Be5 15. Nf3 Bxb2 16. Qxb2 c5 17. Qe5 Be6 18. Rfc1 Rac8 19. h3 h6 20. Rc2 Qb7 21. Rb1 Rfe8 22. Qf4 c4 23. Bf1 cxb3 24. Rcb2 Rc2 25.
Nd4 Rxb2 26. Rxb2 Qe7 27. Rxb3 Rc8 28. Rb8 Rxb8 29. Qxb8+ Kh7 30. a4 Ne4 31. Bd3 g6 32.
Bxe4 dxe4 33. Nxe6 fxe6 34. Qe5 h5 35. Qxe4 Qd7 36.
Qd4 Qc7 37. h4 a5 38. g3 Kg8 39. Qe4 Kf7 40. Qf4+ Qxf4 41. gxf4 Kf6 42. Kg2 Kf5 43. Kf3 Kf6 44. e4 Kf7 45. Ke3 Ke7 46. Kd4 Kd6 47.
f3 Kc6 48. Ke5 Kc5 49. Kxe6 Kb4 50. f5 gxf5 51. exf5 Kxa4 52. f6 Kb3 53. f7 a4 54.
f8=Q a3 55. Qb8+ Ka2 56. Qh2+ Kb1 57. Qg1+ Kb2 58. Qf2+ Kb1 59. Qe1+ Kb2 60. Qd2+ Kb1 61. Qb4+ Ka2 62. Kf5 Ka1 63. Qxa3+ 1-0

[Event "Early-Titled-Tuesday-Blitz-April-16-2024"]
[Site "Chess.com"]
[Date "2024.04.16"]
[Round "6"]
[White "RandomNoob04"]
[Black "FaustinoOro"]
[Result "1/2-1/2"]
[WhiteElo "2665"]
[BlackElo "2936"]
[TimeControl "180+1"]
[EndTime "9:09:14 PDT"]
[Termination "Game drawn by repetition"]

1. e4 e5 2. d4 exd4 3. Qxd4 Nf6 4. e5 Nc6 5. Qe3 Nd5 6. Qe4 Nb6 7. Nf3 Be7 8. Nc3 d6 9. exd6 cxd6 10. Bg5 Be6 11. Bxe7 Qxe7 12. O-O-O O-O-O 13. Bb5 Qc7 14. Ng5 Rde8 15.
Nxe6 Rxe6 16. Qg4 g6 17. Bc4 Nxc4 18. Qxc4 a6 19. Nd5 Qa5 20. Kb1 Kb8 21. Qf4 f5 22.
Ne3 Qe5 23. Qa4 Rhe8 24. Qa3 Qc5 25. Qb3 f4 26. Nd5 Nd4 27. Qd3 Qxd5 28. Qxd4 Qxg2 29. Qxf4 Re2 30. b3 Rxf2 31. Qxd6+ Ka8 32. Rhe1 Rfe2 33. Rxe2 Qxe2 34. Rd2 Qf1+ 35. Kb2 g5 36. Qg3 Qf6+ 37. Qc3 Qf4 38. Rd4 Qxh2 39. Qd3 Qe5 40. Kb1 h5 41. Rd5 Qe1+ 42. Kb2 Qe7 43. Qf5 Rg8 44. Re5 Qg7 45. c3 g4 46. Qxh5 g3 47. Re1 g2 48. Re8+ Rxe8 49. Qxe8+ Ka7 50. Qe3+ b6 51. Qg1 Qg3 52. Ka3 Qf3 53. Qh2 a5 54. Qc7+ Ka6 55. Qc8+ Qb7 56.
Qc4+ Ka7 57. Qg4 Qe7+ 58. b4 axb4+ 59. cxb4 Qe3+ 60. Ka4 g1=Q 61. Qd7+ Kb8 62. Qd8+ Kb7 63. Qd7+ Kb8 64. Qd8+ Ka7 65. Qd7+ Kb8 1/2-1/2

[Event "Early-Titled-Tuesday-Blitz-April-16-2024"]
[Site "Chess.com"]
[Date "2024.04.16"]
[Round "6"]
[White "Manukyan_Artak"]
[Black "M1711"]
[Result "0-1"]
[WhiteElo "2509"]
[BlackElo "2694"]
[TimeControl "180+1"]
[EndTime "9:09:14 PDT"]
[Termination "M1711 won by checkmate"]

1. e4 e5 2. Nf3 d5 3. Nxe5 Bd6 4.
d4 dxe4 5. Nc4 Nf6 6. Ne3 O-O 7.
c4 Nc6 8. Nc3 Bf4 9. d5 Ne5 10.
Be2 h5 11. h3 a6 12. O-O h4 13. Qc2 Bxe3 14. Bxe3 Bf5 15. Bg5 Ng6 16. Rad1 Re8 17. b4 Qd6 18. c5 Qe5 19. Qd2 Rad8 20. Qd4 Bc8 21. Qxe5 Rxe5 22. Bxf6 gxf6 23. d6 cxd6 24. Rxd6 Rde8 25. Nd5 Kg7 26. Nxf6 R8e6 27. Nh5+ Kh6 28. Rfd1 Rxh5 29. Bxh5 Kxh5 30. Rd8 Rc6 31. R1d6 Be6 32. Rxc6 bxc6 33. Ra8 Bxa2 34. Rxa6 Bd5 35. b5 cxb5 36.
c6 Ne7 37. c7 Be6 38. Rb6 Bd7 39. Kf1 Kg5 40. Ke2 Kf5 41. Kd2 Ke5 42. Rh6 Be6 43. Rxh4 Nd5 44. Rh5+ Kd6 45. g4 Nxc7 46. Rh8 b4 47. Rb8 b3 48. h4 Bxg4 49. Rxb3 Nd5 50. Rb7 f5 51. Rg7 Ke5 52. Rg5 Nf4 53. Rg8 Ng2 54. f4+ Kxf4 55. h5 Bxh5 56. Rxg2 Bf3 57. Rh2 e3+ 58. Ke1 Kg3 59. Rh5 f4 60. Rg5+ Bg4 61. Rg8 f3 62. Rf8 f2+ 63. Kf1 e2# 0-1

[Event "Early-Titled-Tuesday-Blitz-April-16-2024"]
[Site "Chess.com"]
[Date "2024.04.16"]
[Round "6"]
[White "zverr1"]
[Black "Alexchess1984"]
[Result "1-0"]
[WhiteElo "2520"]
[BlackElo "2667"]
[TimeControl "180+1"]
[EndTime "9:09:14 PDT"]
[Termination "zverr1 won by resignation"]

1. e4 c5 2. Nf3 g6 3. d4 cxd4 4. Nxd4 Bg7 5. c4 Nc6 6. Be3 d6 7. Nc3 Nf6 8. Be2 O-O 9. h3 Bd7 10. O-O Nxd4 11. Bxd4 Bc6 12. Qc2 a5 13. Rad1 Qc7 14. f4 e5 15. fxe5 dxe5 16. Be3 Nh5 17. Bxh5 gxh5 18. Qe2 Qe7 19. Qxh5 Qb4 20. Qe2 a4 21.
Nd5 Bxd5 22. Rxd5 Rac8 23. Rc1 Rc6 24. a3 Qe7 25. c5 Rfc8 26. Rcd1 Qh4 27. Qg4 Qxg4 28.
hxg4 Bf8 29. Rd8 Kg7 30. Rxc8 Rxc8 31. Rd5 Kf6 32. Kf2 Ke6 33. Kf3 Be7 34. g5 Rg8 35.
c6 bxc6 36. Ra5 Bxg5 37. Bxg5 Rxg5 38. Rxa4 h5 39. g3 Rg8 40. Ra6 Kd6 41. Ra7 Ke6 42. Rc7 Rb8 43. Rxc6+ Kd7 44. Rc2 Rb3+ 45. Kg2 Kd6 46.
Kh3 Re3 47. Kh4 Rxe4+ 48. Kxh5 Re3 49. g4 e4 50. a4 Re1 51. a5 e3 52. a6 Kd5 53. a7 Ra1 54. Rc7 Kd4 55. Rd7+ Ke4 56. b4 e2 57. b5 Ke3 58. b6 Kf2 59. Rxf7+ Kg2 60. Re7 Kf2 61. Rxe2+ Kxe2 62. b7 Rxa7 63. b8=Q Ra5+ 64. g5 Rd5 65. Qe8+ Kd3 66. Kh6 Rd6+ 67. g6 Rd4 68. Qe5 Re4 69. Qxe4+ Kxe4 70. g7 1-0

[Event "Early-Titled-Tuesday-Blitz-April-16-2024"]
[Site "Chess.com"]
[Date "2024.04.16"]
[Round "6"]
[White "TERMINATOR_PC"]
[Black "bubeliang"]
[Result "1-0"]
[WhiteElo "2615"]
[BlackElo "2768"]
[TimeControl "180+1"]
[EndTime "9:09:15 PDT"]
[Termination "TERMINATOR_PC won by resignation"]

1. e4 c6 2. d4 d5 3. e5 c5 4. dxc5 e6 5. a3 Bxc5 6. Bd3 Ne7 7. Nf3 Ng6 8. O-O Nc6 9. Re1 a5 10. Nc3 O-O 11. Nb5 b6 12. Be3 Ba6 13. Bxc5 bxc5 14. c4 dxc4 15. Bxc4 Qb6 16. Nd6 Qxb2 17. Bxa6 Rxa6 18.
Rb1 Qxa3 19. Re3 Qa2 20. Ra1 Qd5 21. Qe2 Raa8 22. Rd1 Nd4 23. Nxd4 cxd4 24. Re4 a4 25. Rexd4 Qxe5 26. Qf3 a3 27. Nxf7 Rxf7 28. Qxa8+ Nf8 29. Qxa3 Qe2 30. R4d2 Qe4 31. Rd8 Qf5 32. Qe3 h6 33. h3 Kh7 34. Qd3 Ng6 35. Qxf5 exf5 36. R1d7 Ne5 37.
Rxf7 Nxf7 38. Rd5 Kg6 39. g3 Kf6 40. Ra5 g6 41. h4 Ne5 42. Kf1 Nc4 43. Ra6+ Kg7 44.
Ke2 Ne5 45. Re6 Ng4 46. f3 Nf6 47. Re7+ Kf8 48. Ra7 Nh5 49. Kf2 Nf6 50. Ke3 Nd5+ 51. Kd4 Ne7 52. Kc5 Ke8 53. Rb7 f4 54. g4 h5 55.
gxh5 gxh5 56. Kd6 Nf5+ 57. Ke5 Nxh4 58. Kxf4 Kf8 59. Rb5 Ng6+ 60. Kg5 Kf7 61. Rb7+ Ne7 62. Kxh5 Ke6 63. Rxe7+ Kxe7 64. Kg6 Kf8 65. f4 Kg8 66. f5 Kf8 67. Kf6 Kg8 68. Ke7 Kg7 69. f6+ Kg6 70.
f7 Kf5 71. f8=Q+ Ke4 72. Qf6 Kd3 73. Ke6 Kc2 74. Kd5 Kd3 75. Qf3+ Kc2 76. Kc4 1-0

[Event "Early-Titled-Tuesday-Blitz-April-16-2024"]
[Site "Chess.com"]
[Date "2024.04.16"]
[Round "6"]
[White "Mackster23"]
[Black "Witik"]
[Result "1/2-1/2"]
[WhiteElo "2567"]
[BlackElo "2712"]
[TimeControl "180+1"]
[EndTime "9:09:15 PDT"]
[Termination "Game drawn by repetition"]

1. e4 c6 2. d4 d5 3. e5 c5 4. Nf3 Nc6 5. dxc5 Bg4 6. c3 e6 7. Be3 Qc7 8. Nbd2 Nge7 9. Qa4 Bxf3 10. Nxf3 Ng6 11. Bb5 Be7 12. Bxc6+ bxc6 13. O-O O-O 14. Bd4 a5 15. Rfe1 Rfb8 16. Rab1 Nf8 17. Qc2 Nd7 18. b4 axb4 19. cxb4 Ra3 20. Re3 Qa7 21. Rxa3 Qxa3 22. Rb3 Qa4 23. a3 Bxc5 24. Bxc5 Nxc5 25.
Rc3 Qxc2 26. Rxc2 Ne4 27. Rxc6 g5 28. Nd4 Ra8 29. Nb5 Nd2 30. h4 h6 31. hxg5 hxg5 32. f3 Nc4 33. Kf2 Nxa3 34. Nxa3 Rxa3 35. b5 Rb3 36. b6 Kg7 37. Rd6 Kg6 38. g4 Kg7 39.
Kg3 Kf8 40. Kf2 Ke7 41. Rc6 Kf8 42. Rc8+ Kg7 43. Rc6 d4 44. Rd6 Rb2+ 45. Ke1 Rb3 46. Ke2 Re3+ 47. Kf2 Rxe5 48. Rxd4 Rb5 49. Rd6 Kf6 50.
Rc6 Ke5 51. Kg3 Rb3 52. Rc7 Kf6 53. Rc6 Kg6 54. Rd6 Rb2 55. Rc6 Kf6 56. Rd6 Ke7 57. Rc6 Kf8 58. Rc8+ Kg7 59. Rc5 Kg6 60. Rc6 Kf6 61.
Rd6 Rb3 62. Rc6 Ke5 63. Rc5+ Kf6 64. Rc6 1/2-1/2

[Event "Early-Titled-Tuesday-Blitz-April-16-2024"]
[Site "Chess.com"]
[Date "2024.04.16"]
[Round "6"]
[White "Mops_2004"]
[Black "Statham_01"]
[Result "1-0"]
[WhiteElo "2800"]
[BlackElo "2619"]
[TimeControl "180+1"]
[EndTime "9:09:19 PDT"]
[Termination "Mops_2004 won on time"]

1. g3 e5 2. c4 Nf6 3. Bg2 c6 4. Nf3 e4 5. Nd4 d5 6. cxd5 Qxd5 7. e3 Na6 8. Nc3 Qe5 9. d3 Nc5 10. dxe4 Nfxe4 11. O-O Nxc3 12. bxc3 Be7 13. a4 O-O 14.
Ba3 Re8 15. a5 a6 16. Qc2 Ne6 17. Rfb1 Bxa3 18. Rxa3 h6 19. h4 Qc5 20. Qb2 Nc7 21.
Qb4 Qe5 22. Qb6 c5 23. Nf3 Qe7 24. c4 Bf5 25. Rc1 Rab8 26. Nd2 Red8 27. Nb3 Ne6 28. Bd5 Nc7 29. Qxc5 Qxc5 30. Nxc5 Nxd5 31. cxd5 Rxd5 32. e4 Rxc5 33. Rxc5 Bxe4 34. f3 Bc6 35. Rd3 Re8 36.
Kf2 Kh7 37. h5 Re6 38. g4 Rf6 39. Kg3 Re6 40. Rf5 Re7 41. Rd8 f6 42. Rd2 Re3 43. Kf2 Ra3 44. Re2 Bb5 45. Re7 Ra2+ 46. Kg3 Bf1 47.
Rxf6 Rg2+ 48. Kf4 Bc4 49. Rf8 Bb5 50. Rc8 Ra2 51. Rcc7 Ra4+ 52. Kf5 Bd3+ 53. Ke5 Rxa5+ 54. Kd4 Ra3 55. Rxg7+ Kh8 56. Rgd7 Bh7 57. Rxh7+ 1-0

[Event "Early-Titled-Tuesday-Blitz-April-16-2024"]
[Site "Chess.com"]
[Date "2024.04.16"]
[Round "6"]
[White "Roosters19"]
[Black "AlexanderKing"]
[Result "0-1"]
[WhiteElo "2323"]
[BlackElo "2582"]
[TimeControl "180+1"]
[EndTime "9:09:19 PDT"]
[Termination "AlexanderKing won by resignation"]

1. d4 d5 2. Nf3 c5 3. e3 Nf6 4.
Nbd2 g6 5. dxc5 Bg7 6. c3 O-O 7.
b4 b6 8. cxb6 Qxb6 9. Bd3 Ba6 10. Bxa6 Nxa6 11. O-O Rfc8 12. Bb2 e6 13. a4 Nc5 14. a5 Qb7 15. Qe2 Nce4 16. Rfc1 Rab8 17. Nxe4 Nxe4 18. Nd4 Nd6 19. Rc2 Nc4 20. Bc1 Nd6 21.
Bd2 Rc7 22. Be1 Rbc8 23. a6 Qb6 24. Ra5 Ne4 25. Qb5 Bxd4 26. exd4 Qxb5 27. Rxb5 Nxc3 28.
Bxc3 Rxc3 29. Rxc3 Rxc3 30. g3 Rc4 31. Rb8+ Kg7 32.
Rb7 Rxd4 33. f4 Rd1+ 34. Kg2 Rb1 35. Kf3 Kf6 36. Ke3 h5 37. Kd4 h4 38. Kc5 hxg3 39. hxg3 g5 40. fxg5+ Kxg5 41. Rxf7 d4 42. Rd7 e5 43. Rxa7 d3 44. Rd7 e4 45. a7 Ra1 46. b5 e3 47. b6 e2 48. Re7 d2 49.
Rxe2 d1=Q 50. Re5+ Kg4 51. Rd5 Qc2+ 52. Kd6 Qg6+ 53.
Kc7 Rc1+ 54. Kb7 Qc6+ 55. Kb8 Qxd5 56. a8=Q Rc8+ 57. Kxc8 Qxa8+ 58. Kc7 Qa5 59. Kc6 Qc3+ 60. Kd7 Qd4+ 61. Kc7 Qc5+ 62. Kb7 Kxg3 63. Ka6 Qc6 64. Ka7 Qa4+ 65. Kb8 Kf4 66. b7 Ke5 67. Kc8 Qc6+ 68.
Kb8 Kd6 69. Ka8 Qa4+ 70. Kb8 Kc6 71. Kc8 Qa6 72. Kd8 Qxb7 0-1

[Event "Early-Titled-Tuesday-Blitz-April-16-2024"]
[Site "Chess.com"]
[Date "2024.04.16"]
[Round "6"]
[White "Root_21"]
[Black "Durarbayli"]
[Result "0-1"]
[WhiteElo "2636"]
[BlackElo "2877"]
[TimeControl "180+1"]
[EndTime "9:09:20 PDT"]
[Termination "Durarbayli won by resignation"]

1. e4 e6 2. d4 d5 3. Nc3 Nf6 4. Bg5 dxe4 5. Nxe4 Nbd7 6. Bd3 h6 7. Bxf6 Nxf6 8. Nf3 Nxe4 9. Bxe4 c5 10. Qe2 Qa5+ 11. c3 Be7 12. O-O cxd4 13. Nxd4 O-O 14. Rfd1 Rd8 15.
a4 a6 16. Rd3 Bf6 17. Nb3 Qc7 18. Rxd8+ Bxd8 19. Qe3 Be7 20. a5 Bd7 21. Qb6 Qxb6 22. axb6 Rb8 23. Na5 Bc8 24. b4 f5 25. Bf3 Kf7 26. Rd1 Kf6 27. g3 g5 28. Rb1 e5 29.
Bd5 Bd8 30. Nc4 Bd7 31. Rd1 Ba4 32. Rd2 Bb5 33. Na3 Bxb6 34. Nxb5 axb5 35. Bg2 Ke6 36. Bf1 e4 37. Bxb5 e3 38. Re2 f4 39. gxf4 gxf4 40. Kg2 Rc8 41. c4 Bd4 42. Kf3 Ke5 43. fxe3 fxe3 44. Rg2 Rf8+ 45. Ke2 Ra8 46. Kf3 Ra1 47. c5 Rb1 48. c6 bxc6 49. Bxc6 Rxb4 50. Rg8 Rb2 51.
Rg2 Rb6 52. Be4 Rf6+ 53. Ke2 Kxe4 54. Rg4+ Kd5 55. Kd3 Bc5 56. Rh4 Kc6 57. Rh5 Rd6+ 58. Ke2 Rd2+ 59. Kf3 Rd6 60. Ke2 Kb5 61. Re5 Kc4 62.
h4 Bd4 63. Rf5 Ra6 64. Rf7 Ra2+ 65. Kf3 Rf2+ 66. Kg3 Rxf7 67. h5 Kd3 68. Kg4 Ke4 0-1

[Event "Early-Titled-Tuesday-Blitz-April-16-2024"]
[Site "Chess.com"]
[Date "2024.04.16"]
[Round "6"]
[White "Caroexpert"]
[Black "NikFil2013"]
[Result "1-0"]
[WhiteElo "2675"]
[BlackElo "2417"]
[TimeControl "180+1"]
[EndTime "9:09:20 PDT"]
[Termination "Caroexpert won by checkmate"]

1. d4 d5 2. c4 e6 3. Nc3 c6 4. e3 Nf6 5. Nf3 Nbd7 6. Be2 Bd6 7. O-O O-O 8. b3 e5 9. cxd5 cxd5 10. Nb5 Bb8 11. dxe5 Nxe5 12. Nxe5 Bxe5 13. Nd4 Qd6 14. h3 Be6 15. Bb2 Qe7 16. Nc6 bxc6 17. Bxe5 Bf5 18. Bd4 Rfd8 19. Rc1 Rac8 20. Ba6 Rc7 21. Bc5 Qe6 22.
Qd4 Rdd7 23. Qf4 h6 24. Bd4 Re7 25. f3 Kh7 26. g4 Bg6 27. Be2 Re8 28. h4 Kg8 29. h5 Bh7 30. Kh2 Qe7 31. Rg1 c5 32. Bxf6 Qxf6 33. Qxc7 Qb2 34. Qxc5 Qxe2+ 35. Rg2 Qxf3 36.
Rcg1 Be4 37. Qd6 Qxe3 38. Rg3 Qe2+ 39. Kh3 Qd2 40. Qd7 Rf8 41. g5 Qc2 42. Rf1 Qe2 43. Rfg1 hxg5 44. Rxg5 Qf3+ 45. Kh4 Qf4+ 46. Qg4 Qh2+ 47.
Qh3 Qf4+ 48. R1g4 Qf2+ 49. Qg3 Qxg3+ 50. Kxg3 g6 51. hxg6 fxg6 52. Rf4 Re8 53. Kh4 Kg7 54. Rg3 Rh8+ 55. Kg4 Rh2 56. Rc3 Rg2+ 57. Kh3 Rxa2 58. Rc7+ Kh6 59. Rff7 Bf5+ 60. Kg3 Ra3 61. Kf4 Rxb3 62. Rh7# 1-0

[Event "Early-Titled-Tuesday-Blitz-April-16-2024"]
[Site "Chess.com"]
[Date "2024.04.16"]
[Round "6"]
[White "VinzentSpitzl"]
[Black "Meri-Arabidze"]
[Result "1-0"]
[WhiteElo "2482"]
[BlackElo "2683"]
[TimeControl "180+1"]
[EndTime "9:09:21 PDT"]
[Termination "VinzentSpitzl won on time"]

1. e4 c5 2. Nf3 e6 3. d4 cxd4 4.
Nxd4 Nc6 5. Nc3 a6 6. Be3 Nf6 7. Be2 Qc7 8. O-O Be7 9. f4 d6 10. Qe1 O-O 11. Qg3 Nxd4 12. Bxd4 b5 13. a3 Bb7 14. Rae1 g6 15. Bd3 Nh5 16. Qf2 Nxf4 17. Qxf4 e5 18. Qf2 exd4 19. Nd5 Bxd5 20. exd5 Rae8 21.
Qxd4 Bg5 22. Re4 Bh6 23. c3 Bg7 24. Qe3 Be5 25. Qf3 f5 26. Re2 Re7 27. g3 Rfe8 28.
Rfe1 Kg7 29. Kg2 Qc5 30. Bb1 a5 31. b4 axb4 32. cxb4 Qa7 33. h4 h5 34. Rf1 Rf7 35.
Rfe1 Ra8 36. Re3 Rc8 37. Qe2 Rc4 38. Rxe5 dxe5 39. Qxe5+ Kh7 40. Qe6 Qd7 41. Bd3 Rc3 42. Bxb5 Qc7 43. d6 Qb7+ 44. Kh3 Rg7 45. d7 Qf3 46.
Rg1 Qg4+ 47. Kh2 Rc2+ 48. Rg2 Rxg2+ 49. Kxg2 Qd4 50. Qe8 Rg8 51. Qe7+ Kh6 52. Qe2 Qd6 53. a4 Kh7 54. Qc4 Rg7 55. a5 Re7 56. a6 Qd2+ 57. Kh3 Qe1 58. Qf1 Qe4 59. Qf2 Qg4+ 60. Kg2 Qd1 61. a7 1-0

[Event "Early-Titled-Tuesday-Blitz-April-16-2024"]
[Site "Chess.com"]
[Date "2024.04.16"]
[Round "6"]
[White "BilodeauA"]
[Black "MyDream003"]
[Result "1-0"]
[WhiteElo "2974"]
[BlackElo "2797"]
[TimeControl "180+1"]
[EndTime "9:09:25 PDT"]
[Termination "BilodeauA won on time"]

1. e4 e5 2. Nf3 Nc6 3. Bc4 Bc5 4.
d3 Nf6 5. Nc3 h6 6. h3 d6 7. a4 a6 8. Be3 Bxe3 9. fxe3 Be6 10. Nd2 O-O 11. O-O d5 12. exd5 Nxd5 13. Qf3 Nxc3 14.
bxc3 Bxc4 15. Nxc4 Qd7 16. a5 f6 17. Rab1 Rab8 18. e4 Na7 19. Ne3 Nb5 20. Rb3 Kh8 21. Kh1 Nd6 22. Qg3 Qa4 23. Qg6 Qxa5 24. Ng4 Qa4 25.
Nxh6 Qe8 26. Qxe8 Rfxe8 27. Ng4 a5 28. c4 b6 29. Ne3 Nb7 30. Ra1 Nc5 31. Rb5 Kg8 32.
Kg1 Kf7 33. Rxc5 bxc5 34. Rxa5 c6 35. Rxc5 Rec8 36. Nf5 Rc7 37. Ra5 g6 38. Ne3 Rbb7 39.
Ra1 Ra7 40. Rf1 Kg7 41. Kf2 Rcb7 42. Ke2 Ra8 43. Kd2 Ra3 44. Ng4 Rf7 45. Rb1 Ra2 46. Rb6 Rc7 47. Rb1 Ra6 48. Ne3 Rca7 49. Rf1 Ra1 50. Rf3 Rg1 51. Kc3 Rb1 52. Rg3 Ra3+ 53. Kd2 Kf7 54. Ng4 Rf1 55. Ke2 Raa1 56.
Ne3 Rfe1+ 57. Kd2 Reb1 58. Rf3 Kg7 59. h4 Rg1 60. g3 Rh1 61. Kc3 Rhb1 62. g4 Ra3+ 63. Kd2 Raa1 64. h5 1-0

[Event "Early-Titled-Tuesday-Blitz-April-16-2024"]
[Site "Chess.com"]
[Date "2024.04.16"]
[Round "6"]
[White "GothamChess"]
[Black "Zohid6"]
[Result "1/2-1/2"]
[WhiteElo "2665"]
[BlackElo "2937"]
[TimeControl "180+1"]
[EndTime "9:09:26 PDT"]
[Termination "Game drawn - insufficient material"]

1. e4 e5 2. Nc3 Nf6 3. d4 exd4 4. Qxd4 Nc6 5. Qd3 Bb4 6. Bd2 O-O 7. O-O-O Re8 8. Nge2 d6 9. f3 Ne5 10. Qb5 a5 11. Nf4 Bd7 12. Qe2 c6 13. a3 Bc5 14.
Nd3 Nxd3+ 15. Qxd3 b5 16. Be3 Qb6 17. Bxc5 dxc5 18. Qe3 a4 19. Nb1 Be6 20. Be2 Reb8 21. c3 h6 22. Rd6 b4 23. cxb4 cxb4 24. Qxb6 Rxb6 25. Rhd1 Ra7 26. Rd8+ Kh7 27. R1d6 Rab7 28. Rd2 Ba2 29. Bd3 g6 30. axb4 Rxb4 31. Nc3 Be6 32.
e5 Nd7 33. Ne4 Nxe5 34. Nf6+ Kg7 35. Ne8+ Kf8 36. Nd6+ Ke7 37. Nxb7 Rxb7 38. Ra8 Rb4 39. Bc2 Bb3 40. Ra7+ Ke6 41. Re2 Rc4 42. Kb1 Kf6 43.
Rb7 Bxc2+ 44. Rxc2 Rd4 45. Ra7 Kf5 46. Ra5 h5 47. Re2 f6 48. Ka2 h4 49. g3 hxg3 50.
hxg3 g5 51. Ka3 Kg6 52. Raxe5 fxe5 53. Rxe5 Rd3+ 54. Kxa4 Rxf3 55. Re6+ Kf5 56. Rxc6 Rxg3 57. b4 Rg1 58. b5 g4 59. Rc8 g3 60. Rg8 g2 61.
Ka5 Ra1+ 62. Kb6 g1=Q+ 63. Rxg1 Rxg1 64. Kc7 Rc1+ 65. Kd7 Rb1 66. Kc7 Ke6 67. b6 Rc1+ 68. Kd8 Rd1+ 69. Kc7 Rc1+ 70. Kd8 Rb1 71. Kc7 Rxb6 72.
Kxb6 1/2-1/2

[Event "Early-Titled-Tuesday-Blitz-April-16-2024"]
[Site "Chess.com"]
[Date "2024.04.16"]
[Round "6"]
[White "WilsonPalencia21"]
[Black "NigiriSushies"]
[Result "0-1"]
[WhiteElo "2578"]
[BlackElo "2421"]
[TimeControl "180+1"]
[EndTime "9:09:26 PDT"]
[Termination "NigiriSushies won on time"]

1. d4 Nf6 2. c4 c5 3. d5 b5 4.
cxb5 a6 5. bxa6 d6 6. Nc3 Bxa6 7. e4 g6 8. g3 Bxf1 9. Kxf1 Bg7 10. Kg2 O-O 11. Nf3 Nbd7 12. a4 Qb6 13. Ra3 Rfb8 14. Nd2 Ne5 15. Qc2 h6 16. Nb5 Kh7 17. f4 Ned7 18.
Nc4 Qd8 19. Bd2 Ne8 20. h4 h5 21. Re1 Nc7 22. Ba5 Rxa5 23. Nxa5 Nxb5 24. axb5 Rxb5 25. Nc4 Nb6 26. Nxb6 Qxb6 27. b3 c4 28. Qxc4 Rc5 29. Qe2 Qb4 30. Ra2 Qxb3 31. Rd1 Rc3 32. Rdd2 Rxg3+ 33. Kf1 Rh3 34. Qg2 Rf3+ 35. Ke1 Rxf4 36. Rac2 Qe3+ 37.
Kd1 Rxe4 38. Qf2 Qxf2 39. Rxf2 Bf6 40. Rf3 Rd4+ 41. Rd2 Rxh4 42. Re2 Rd4+ 43. Kc2 Rxd5 44. Rd3 Rxd3 45. Kxd3 h4 46. Ke4 g5 47. Kf5 Kg7 48.
Kg4 Kg6 49. Rd2 Be5 50. Rf2 f6 51. Rf5 e6 52. Rf2 f5+ 53. Kh3 d5 54. Ra2 Kf6 55. Ra8 Bg3 56. Ra3 g4+ 57. Kg2 f4 58. Ra4 h3+ 59. Kf1 h2 60. Kg2 f3+ 61. Kh1 f2 62.
Ra1 e5 63. Rf1 Kg5 64. Rd1 Kh4 65. Kg2 e4 66. Rxd5 h1=Q+ 0-1

[Event "Early-Titled-Tuesday-Blitz-April-16-2024"]
[Site "Chess.com"]
[Date "2024.04.16"]
[Round "6"]
[White "SHIVACalypso"]
[Black "Yushko_Olga"]
[Result "1-0"]
[WhiteElo "2463"]
[BlackElo "2256"]
[TimeControl "180+1"]
[EndTime "9:09:28 PDT"]
[Termination "SHIVACalypso won by checkmate"]

1. e4 Nf6 2. e5 Nd5 3. c4 Nb6 4. d4 d6 5. exd6 exd6 6. Nf3 Bg4 7. Be2 Be7 8. O-O O-O 9. b3 Nc6 10. Bb2 Re8 11. Nbd2 h6 12. h3 Bf5 13. d5 Nb8 14.
Nd4 Bg6 15. N2f3 N8d7 16. Bd3 Bf6 17. Bxg6 fxg6 18. Qc2 Ne5 19. Nxe5 Bxe5 20. Qxg6 Nd7 21. Ne6 Qe7 22. Bxe5 Nxe5 23. Qe4 Qf7 24. f4 Nd7 25. f5 Nf6 26. Qf3 Rac8 27. Rae1 c6 28. dxc6 bxc6 29. Rd1 d5 30. cxd5 cxd5 31. Rc1 Ne4 32. Rfd1 a5 33. Rxc8 Rxc8 34. Rxd5 Qa7+ 35. Kh2 Nf6 36. Rd1 Qb8+ 37.
Qg3 Qxg3+ 38. Kxg3 Rc3+ 39. Kf4 Rc2 40. Rd8+ Kf7 41. g4 Rf2+ 42. Ke5 Re2+ 43. Kf4 Rf2+ 44. Ke3 Rxa2 45. Ra8 Nd5+ 46. Kd4 Rd2+ 47. Ke5 Nb6 48. Ra7+ Nd7+ 49. Kf4 Rf2+ 50. Ke3 Rb2 51. Rxd7+ Ke8 52. Rb7 a4 53. Nxg7+ Kf8 54. Ne6+ Kg8 55. b4 a3 56. f6 Rb3+ 57. Kf4 a2 58. f7+ Kh7 59. f8=Q+ Kg6 60. Qg8+ Kf6 61. Qf7# 1-0